 Seeded DCSS version 0.30-a0-924-g0ad0bf95bc (webtiles) character file.

Game seed: 7066997891792816003 (custom seed)

26 GigaChad the Sneak (level 2, -3/19 HPs)
             Began as a Vampire Enchanter on Mar 22, 2023.
             Slain by a gnoll
             ... wielding a +0 whip
              (6 damage)
             ... on level 1 of the Dungeon.
             The game lasted 00:01:19 (362 turns).

GigaChad the Sneak (Vampire Enchanter)               Turns: 362, Time: 00:01:20

Health: -3/19      AC:  2    Str:  7    XL:     2   Next: 89%
Magic:  5/5        EV: 12    Int: 17    God:
Gold:   28         SH:  0    Dex: 14    Spells: 5/5 levels left

rFire   . . .      SeeInvis +    d - +0 lajatang
rCold   . . .      Faith    .    (shield currently unavailable)
rNeg    . . .      Spirit   .    b - +0 robe
rPois   .          Reflect  .    (no helmet)
rElec   .          Rampage  .    (no cloak)
rCorr   .                        (no gloves)
Will    .....                    (no boots)
Stlth   +++                      (no amulet)
HPRegen 0.43/turn                (no ring)
MPRegen 0.09/turn                (no ring)

@: healing quickly
A: alive, fangs 3, see invisible, vampiric 1
a: Exsanguinate


You were on level 1 of the Dungeon.
You visited 1 branch of the dungeon, and saw 1 of its levels.

You collected 28 gold pieces.

Inventory:

Hand Weapons
 a - a +1 dagger
 d - a +0 lajatang (weapon)
Armour
 b - a +0 robe (worn)
Jewellery
 f - a ring of willpower
 g - a +5 ring of evasion
Scrolls
 e - a scroll of identify {unknown}
 h - a scroll of fear {unknown}
Potions
 c - 2 potions of invisibility


   Skills:
 + Level 0.2 Fighting
 * Level 1.2 Short Blades
 + Level 0.3 Staves
 * Level 2.4 Dodging
 * Level 5.1 Stealth
 + Level 2.0 Spellcasting
 + Level 5.0 Hexes


You had 5 spell levels left.
You didn't know any spells.
Your spell library contained the following spells:

 Spells                   Type           Power      Damage    Failure   Level
 Confusing Touch          Hex            18%        N/A       8%          3
 Tukima's Dance           Hex            18%        N/A       8%          3
 Ensorcelled Hibernation  Hex/Ice        20%        N/A       11%         2
 Dazzling Flash           Conj/Hex       20%        N/A       21%         3


Dungeon Overview and Level Annotations

Branches:
Dungeon (1/15)

Altars:

Shops:
D:1 *[


Innate Abilities, Weirdness & Mutations

Your natural rate of healing is accelerated.
You have razor-sharp teeth.
You have supernaturally acute eyesight. (SInv)
You are afflicted with vampirism.


Message History

A bat is nearby!
You closely miss the bat. The bat hits you but does no damage. x3
You slash the bat!
You kill the bat!
No target in view!
You now have 28 gold pieces (gained 14).
A hobgoblin comes into view.
A hobgoblin is nearby!
A hobgoblin is nearby!
The hobgoblin shouts!
The hobgoblin hits you but does no damage.
You slash the hobgoblin!
You kill the hobgoblin!
No target in view!
No target in view!
You see here a hobgoblin corpse.
Found a helmet.
A rat and a gnoll come into view.
The gnoll shouts!
There are monsters nearby!
Found a robe.
The rat closely misses you.
You slash the gnoll!
The gnoll is heavily wounded.
The rat closely misses you. The gnoll closely misses you. The rat bites you.
The gnoll closely misses you.
You closely miss the gnoll. Your bite misses the gnoll.
The gnoll is heavily wounded.
The rat bites you. The gnoll hits you with a +0 whip!
You are too injured to fight recklessly!
You are too injured to fight recklessly!
The gnoll attacks as you move away! The gnoll hits you with a +0 whip.
* * * LOW HITPOINT WARNING * * *
The rat bites you.
* * * LOW HITPOINT WARNING * * *
You closely miss the gnoll. You bite the gnoll, but do no damage.
The gnoll is heavily wounded.
The rat bites you.
* * * LOW HITPOINT WARNING * * *
The gnoll misses you. The rat misses you. The gnoll hits you with a +0 whip.
You die...

#......†..#
#.##.......###.....
#.........# #.##....[..#
#.∩... #.........#
#.##..##'#.# #.....
#.........# #.##..##.#.#
#..... #.........#
......#.#.# #.....
#################.#.#.#
#..÷..
#......[..#.#.#.#####.##
.#.....#.#...#.#.....#
.#.#+###@#.###...#.....#
.......rg#..†..#.......#
[........#######.......##
.........#...............
.........#.#######....>.#
.........# #.#+#.##
.........# #.+ +.#
.........# ### #.#
.........# ..#


You could see a gnoll and a rat.

Vanquished Creatures
  A dart slug (D:1)
  2 endoplasms (D:1)
  A giant cockroach (D:1)
  A goblin (D:1)
  2 hobgoblins (D:1)
  5 jackals (D:1)
  3 ball pythons (D:1)
  4 bats (D:1)
  2 frilled lizards (D:1)
  A rat (D:1)
22 creatures vanquished.

Notes
Turn   | Place    | Note
-------+----------+-------------------------------------------
     0 | D:1      | GigaChad the Vampire Enchanter began the quest for the Orb.
     0 | D:1      | Reached XP level 1. HP: 13/13 MP: 3/3
    60 | D:1      | Reached skill level 5 in Stealth
    92 | D:1      | Found Coneu's Antique Armour Shop.
   117 | D:1      | Reached XP level 2. HP: 19/19 MP: 5/5
   127 | D:1      | Found Xafienaq's General Store.
   176 | D:1      | Reached skill level 5 in Hexes
   362 | D:1      | Slain by a gnoll

Illustrated notes

Levels and vault maps discovered:
D:1:      dpeg_arrival_tiny_d, layout_basic, serial_shops, shop, shop,
          nicolae_shop_behind_doors, shop

Skill      XL: |  1  2 |
---------------+-------+-----
Stealth        | 5 |  5.1
Hexes          | 5 |  5.0
Fighting       | |  0.2
Short Blades   | |  1.2
Staves         | |  0.3
Dodging        | |  2.4
Spellcasting   | |  2.0

Action                     || total
---------------------------++-------
  Melee: Lajatang          ||    45
         Dagger            ||     7
         Bite              ||     3
   Stab: Sleeping          ||     2
 Armour: Robe              ||    18
  Dodge: Dodged            ||    44

Table legend: (Time is in decaauts)
 A = Elapsed time spent in this place.
 B = Non-inter-level travel time spent in this place.
 C = Inter-level travel time spent in this place.
 D = Time resting spent in this place.
 E = Time spent auto-exploring this place.
 F = Levels seen in this place.
 G = Mean time per level.
                   A        B        C        D        E       F      G
               +--------+--------+--------+--------+--------+-----+--------+
         Total |    378 |    378 |      0 |      0 |    231 |   1 |  378.0 |
       Dungeon |    378 |    378 |      0 |      0 |    231 |   1 |  378.0 |
               +--------+--------+--------+--------+--------+-----+--------+

Top non-repeatable levels by time:
     D:1: 378 daAuts
